 Dungeon Crawl Stone Soup version 0.30.0-29-ga12c61a403 (webtiles) character file.

Game seed: 2928339201127829027

17707 cheesebisquit the Gelid (level 12, -11/59 HPs)
             Began as a Deep Elf Ice Elementalist on June 13, 2023.
             Was an Initiate of Sif Muna.
             Mangled by a demonic crawler (14 damage)
             ... on level 2 of the Lair of Beasts.
             The game lasted 01:14:46 (18298 turns).

cheesebisquit the Gelid (DEIE)                     Turns: 18298, Time: 01:14:46

Health: -11/59     AC: 21    Str:  5    XL:     12   Next: 21%
Magic:  11/28      EV: 11    Int: 32    God:    Sif Muna [......]
Gold:   559        SH:  0    Dex: 15    Spells: 3/31 levels left

rFire   x . .        R - +2 dagger (vamp)
rCold   + . .        (no shield)
rNeg    . . .        N - +0 acid dragon scales
rPois   .            m - +2 helmet
rElec   .            (no cloak)
rCorr   +            K - +1 pair of gloves {infuse}
SInv    .            (no boots)
Will    +....        Q - amulet of the acrobat
Stlth   ++           B - ring of ice
HPRegen 0.29/turn    X - +6 ring of intelligence
MPRegen 0.21/turn

%: acrobat, infuse magic (1 MP)
@: ice-armoured, freezing walls, invisible
A: no striking features
a: Renounce Religion


You were on level 2 of the Lair of Beasts.
You worshipped Sif Muna.
Sif Muna was noncommittal.
You visited 3 branches of the dungeon, and saw 16 of its levels.

You collected 784 gold pieces.
You spent 225 gold pieces at shops.

Inventory:

Hand Weapons
 C - a +0 spear
 E - a +0 quarterstaff
 I - a +0 morningstar
 R - a +2 vampiric dagger (weapon)
Missiles
 e - 3 boomerangs of dispersal
 p - 8 boomerangs
 q - 2 atropa-tipped darts
 t - 21 poisoned darts
 D - 7 javelins
 J - 3 curare-tipped darts
Armour
 a - a +1 robe
 m - a +2 helmet (worn)
 G - a +8 chain mail of ponderousness
 K - a +1 pair of gloves of infusion (worn)
 N - +0 acid dragon scales (worn)
Jewellery
 s - a ring of see invisible
 B - a ring of ice (left hand)
 O - a +4 ring of protection
 P - a ring of positive energy
 Q - an amulet of the acrobat (around neck)
 S - a ring of poison resistance
 X - a +6 ring of intelligence (right hand)
 Y - the ring "Rirhagops" {EV+5 Str+2}
   (You found it on level 1 of the Lair of Beasts)

   [ring of evasion]

   EV:        It affects your evasion (+5).
   Str:       It affects your strength (+2).
Wands
 A - a wand of mindburst (11)
 F - a wand of digging (13)
 H - a wand of polymorph (12)
 L - a wand of iceblast (7)
 M - a wand of flame (24)
 U - a wand of charming (4)
Scrolls
 c - 4 scrolls of vulnerability
 f - a scroll of summoning
 g - 3 scrolls of immolation
 k - 4 scrolls of brand weapon
 l - 6 scrolls of teleportation
 x - a scroll of enchant weapon
 y - 2 scrolls of amnesia
 z - a scroll of fog
 T - a scroll of identify
 V - a scroll of poison
 Z - 3 scrolls of magic mapping
Potions
 b - 2 potions of magic
 d - 2 potions of brilliance
 h - a potion of mutation
 i - a potion of resistance
 j - a potion of attraction
 n - a potion of berserk rage
 o - 4 potions of flight
 r - 2 potions of lignification
 u - a potion of curing
 v - a potion of might


   Skills:
 - Level 2.4 Dodging
 - Level 2.4 Stealth
 - Level 10.0 Spellcasting
 + Level 3.1 Conjurations
 + Level 3.8 Hexes
 - Level 5.0 Summonings
 + Level 3.2 Translocations
 - Level 19.0 Ice Magic


You had 3 spell levels left.
You knew the following spells:

 Your Spells              Type           Power      Damage    Failure   Level
a - Freeze                Ice            100%       1d10      0%          1
b - Frozen Ramparts       Ice            100%       1d16      0%          3
c - Ozocubu's Armour      Ice            100%       N/A       0%          3
d - Summon Ice Beast      Ice/Summ       96%        N/A       1%          4
e - Polar Vortex          Ice            58%        N/A       95%         9
f - Ensorcelled Hibernat  Hex/Ice        100%       N/A       1%          2
g - Iskenderun's Mystic   Conj/Tloc      36%        2d9       19%         4
h - Blink                 Tloc           72%        N/A       2%          2

Your spell library contained the following spells:

 Spells                   Type           Power      Damage    Failure   Level
 Magic Dart               Conj           100%       1d8       1%          1
 Call Imp                 Summ           96%        N/A       1%          2
 Portal Projectile        Hex/Tloc       76%        N/A       4%          3
 Teleport Other           Tloc           36%        N/A       5%          3
 Beastly Appendage        Tmut           32%        N/A       7%          1
 Passwall                 Tmut/Erth      13%        N/A       10%         2
 Wereblood                Tmut           16%        N/A       10%         2
 Mephitic Cloud           Conj/Pois/Air  22%        N/A       13%         3
 Spider Form              Tmut/Pois      16%        N/A       21%         3
 Swiftness                Air            16%        N/A       21%         3
 Manifold Assault         Tloc           36%        N/A       19%         4
 Storm Form               Tmut/Air       8%         N/A       100%        7


Dungeon Overview and Level Annotations

Branches:
Dungeon (12/15)            Temple (1/1) D:6            Lair (3/5) D:11
 Spider (0/4) Lair:2          Orc (0/2) D:12
  Swamp: Lair:2-3    Shoals: Lair:2-3

Altars:
Ashenzari
Cheibriados
Dithmenos
Elyvilon
Fedhas
Gozag
Hepliaklqana
Kikubaaqudgha
Makhleb
Nemelex Xobeh
Okawaru
Qazlal
Ru
Sif Muna
Trog
Uskayaw
Vehumet
Wu Jian
Xom
Yredelemnul
Zin
The Shining One

Shops:
D:1 (   D:8 [

Annotations:
D:12 3 runed translucent doors, Nissa's ghost, journeyman MiFi; Qewkor's ghost, journeyman FoFi
Lair:1 exclusion: 3 oklob plants


Message History

Casting: Freeze (safe; 0% risk of failure)
Confirm with . or Enter, or press ? or * to list all spells.
Aiming: Freeze (safe; 0% risk of failure)
Press: ? - help, Shift-Dir - straight line, f/p - demonic crawler
Aim: a demonic crawler (lightly wounded, ally target)
You feel a surge of power!
You freeze the demonic crawler.
The demonic crawler is moderately wounded.
The wall freezes the demonic crawler.
The demonic crawler hits you! The demonic crawler hits you.
The demonic crawler hits you but does no damage.
Your ice beast hits the demonic crawler.
Your ice beast freezes the demonic crawler!!
Casting: Freeze (safe; 0% risk of failure)
Confirm with . or Enter, or press ? or * to list all spells.
Aiming: Freeze (safe; 0% risk of failure)
Press: ? - help, Shift-Dir - straight line, f/p - demonic crawler
Aim: a demonic crawler (heavily wounded, not watching you, ally target)
You feel a surge of power!
You freeze the demonic crawler!
The demonic crawler is severely wounded.
The wall freezes the demonic crawler but does no damage.
The demonic crawler barely misses you. The demonic crawler hits you!
* * * LOW HITPOINT WARNING * * *
The demonic crawler closely misses you.
Your ice beast closely misses the demonic crawler.
You fade into invisibility!
The wall freezes the demonic crawler but does no damage.
The demonic crawler barely misses you. The demonic crawler hits you.
* * * LOW HITPOINT WARNING * * *
The demonic crawler hits you.
* * * LOW HITPOINT WARNING * * *
The wall freezes the demonic crawler.
The demonic crawler barely misses you.
The demonic crawler hits you but does no damage. x2
Your ice beast hits the demonic crawler but does no damage.
Press: ? - help, v - describe, . - travel, g - get item Item here: 16 gold pieces.
The floor, spattered with blood.
As you read the scroll of summoning, it crumbles to dust.
Wisps of shadow whirl around you...
The wall freezes the demonic crawler.
The demonic crawler hits you!
You die...

####........##
##P#.........######
###..........####....##
#....FF.....## #.......
#.......F..# #.......
#.......### #.(.....
###...F..P##.##......
##....†............
#@YS.#†...#.......
#Ss.###...##.......
##l.# #†#.##...... #...
......#.... ##...
>.......... #..#†
..#....#... #..#.#
#..##.. #.## # .. ###


You could see a demonic crawler (ally target), a friendly komodo dragon
(summoned), a friendly black mamba (summoned), 4 friendly blink frogs, a
friendly water moccasin (summoned) and a friendly ice beast (summoned).

Vanquished Creatures
  A two-headed ogre (D:10)
  An ugly thing (D:10)
  A manticore (D:12)
  An elephant (Lair:2)
  A gargoyle (D:11)
  A black mamba (Lair:2)
  A cane toad (Lair:1)
  2 unseen horrors
  A komodo dragon (Lair:2)
  Grinder (D:5)
  A shadow (D:11)
  4 wyverns
  A vampire (D:11)
  Eustachio (D:5)
  14 yaks
  A basilisk (D:11)
  2 steam dragons
  An acid dragon (D:10)
  2 water moccasins
  2 orc warriors
  A floating eye (Lair:1)
  2 black bears
  A wolf (Lair:1)
  2 centaurs
  2 bullfrogs
  3 scorpions
  Dowan (D:7)
  2 killer bees (D:8)
  4 howler monkeys
  A jelly (D:6)
  2 orc priests
  A hound (D:6)
  A sleepcap (D:6)
  4 iguanas
  8 orc wizards
  A nameless horror (D:7)
  4 gnolls
  5 adders
  2 ufetubi (D:5)
  3 worms
  2 dart slugs
  20 orcs
  5 ball pythons
  5 bats
  9 endoplasms
  6 giant cockroaches
  11 goblins
  7 hobgoblins
  11 kobolds
  4 quokkas
  3 frilled lizards
  10 rats
183 creatures vanquished.

Vanquished Creatures (collateral kills)
  A two-headed ogre (D:11)
  An ugly thing (D:11)
  3 elephants (Lair:2)
  A gargoyle (D:12)
  2 cane toads
  Maggie (D:8)
  A komodo dragon (Lair:2)
  3 blink frogs (Lair:1)
  Prince Ribbit (D:7)
  A shadow (D:12)
  A wraith (D:12)
  10 yaks
  5 basilisks
  Duvessa (D:7)
  A water moccasin (D:7)
  An acid dragon (D:11)
  2 ice beasts
  2 sky beasts
  2 orc warriors (D:10)
  An ogre (D:7)
  2 wolves (Lair:1)
  2 centaurs
  A kobold brigand (D:9)
  A bullfrog (Lair:1)
  A scorpion (D:5)
  A killer bee (D:8)
  2 howler monkeys (D:10)
  3 jellies
  5 orc priests
  A hound (D:5)
  2 orc wizards
  3 gnolls
  2 adders (D:5)
  A worm (Lair:2)
  14 orcs
  A giant cockroach (Lair:2)
  5 kobolds (D:9)
  2 goblins (D:7)
90 creatures vanquished.

Grand Total: 273 creatures vanquished

Notes
Turn   | Place    | Note
-------+----------+-------------------------------------------
     0 | D:1      | cheesebisquit the Deep Elf Ice Elementalist began the quest
                  | for the Orb.
     0 | D:1      | Reached XP level 1. HP: 10/10 MP: 6/6
   157 | D:1      | Found Isuifas's Weapon Shop.
   316 | D:1      | Reached XP level 2. HP: 15/15 MP: 5/8
   956 | D:1      | Reached skill level 5 in Ice Magic
   956 | D:1      | Reached XP level 3. HP: 19/19 MP: 6/10
   961 | D:1      | Learned a level 3 spell: Frozen Ramparts
  1172 | D:2      | Found a faded altar of an unknown god.
  1491 | D:2      | Learned a level 3 spell: Ozocubu's Armour
  1770 | D:2      | Reached XP level 4. HP: 22/24 MP: 5/12
  2014 | D:2      | Got Sif Muna's Book of the Crystallized Excursion
  2022 | D:2      | Learned a level 4 spell: Summon Ice Beast
  3171 | D:3      | Reached skill level 5 in Spellcasting
  3937 | D:4      | Found an iron altar of Okawaru.
  3951 | D:4      | Reached skill level 1 in Summonings
  4026 | D:4      | Found a bloodstained altar of Trog.
  4396 | D:4      | Reached XP level 5. HP: 15/28 MP: 3/14
  4400 | D:4      | Reached skill level 6 in Ice Magic
  4813 | D:4      | Found a broken altar of Ashenzari.
  5004 | D:5      | Entered Level 5 of the Dungeon
  5010 | D:5      | Reached XP level 6. HP: 32/32 MP: 8/15
  5018 | D:5      | Noticed Eustachio
  5130 | D:5      | Noticed Grinder
  5133 | D:5      | Paralysed by Grinder for 3 turns
  5152 | D:5      | Paralysed by Grinder for 2 turns
  5160 | D:5      | Paralysed by Grinder for 3 turns
  5190 | D:5      | Killed Grinder
  5191 | D:5      | Reached skill level 7 in Ice Magic
  5355 | D:5      | Killed Eustachio
  5356 | D:5      | Reached skill level 5 in Summonings
  5356 | D:5      | Reached XP level 7. HP: 26/36 MP: 9/16
  5478 | D:5      | Reached skill level 8 in Ice Magic
  5734 | D:5      | Reached skill level 9 in Ice Magic
  5887 | D:5      | Found a shimmering altar of Xom.
  5893 | D:5      | Reached XP level 8. HP: 38/41 MP: 9/17
  6578 | D:5      | Found a glowing golden altar of the Shining One.
  6588 | D:5      | Found a basalt altar of Yredelemnul.
  6600 | D:5      | Found a snail-covered altar of Cheibriados.
  7273 | D:6      | Found a staircase to the Ecumenical Temple.
  7322 | Temple   | Entered the Ecumenical Temple
  7733 | D:6      | Reached skill level 10 in Ice Magic
  7994 | D:7      | Noticed Duvessa
  8006 | D:7      | Killed Duvessa
  8010 | D:7      | Noticed Dowan
  8017 | D:7      | Killed Dowan
  8317 | D:7      | Reached skill level 11 in Ice Magic
  8317 | D:7      | Reached XP level 9. HP: 26/45 MP: 13/23
  8632 | D:7      | Found an ornate altar of the Wu Jian Council.
  8862 | D:7      | Reached skill level 12 in Ice Magic
  8964 | D:7      | Noticed Prince Ribbit
  8969 | D:7      | Killed Prince Ribbit
  9514 | D:8      | Reached skill level 13 in Ice Magic
  9667 | D:8      | Found Nodogo's Antique Armour Shop.
  9675 | D:8      | Bought a pair of embroidered gloves for 225 gold pieces
  9722 | D:8      | Reached skill level 14 in Ice Magic
  9722 | D:8      | Reached XP level 10. HP: 44/50 MP: 10/24
  9735 | D:8      | Learned a level 9 spell: Polar Vortex
 10056 | D:8      | Noticed Maggie
 10069 | D:8      | Killed Maggie
 11256 | D:9      | Reached skill level 15 in Ice Magic
 11582 | D:10     | Entered Level 10 of the Dungeon
 12254 | D:10     | Noticed a brown ugly thing
 12264 | D:10     | Killed a brown ugly thing
 12265 | D:10     | Reached skill level 10 in Spellcasting
 12655 | D:10     | Reached skill level 16 in Ice Magic
 12735 | D:10     | Noticed a two-headed ogre
 12742 | D:10     | Killed a two-headed ogre
 12743 | D:10     | Reached XP level 11. HP: 54/54 MP: 17/27
 13650 | D:11     | Found a staircase to the Lair.
 13797 | D:11     | Noticed a two-headed ogre
 13803 | D:11     | Killed a two-headed ogre
 13804 | D:11     | Reached skill level 17 in Ice Magic
 14161 | D:11     | Noticed a purple ugly thing
 14169 | D:11     | Killed a purple ugly thing
 14530 | D:12     | Found a staircase to the Orcish Mines.
 14560 | D:12     | Found a shimmering blue altar of Sif Muna.
 14660 | D:12     | Became a worshipper of Sif Muna the Loreminder
 14871 | D:12     | Found a runed translucent gate.
 14871 | D:12     | Found a runed translucent gate.
 14872 | D:12     | Found a runed translucent gate.
 15029 | D:12     | Reached skill level 18 in Ice Magic
 15125 | D:12     | Noticed Qewkor's ghost (journeyman FoFi)
 15125 | D:12     | Noticed Nissa's ghost (journeyman MiFi)
 15125 | D:12     | Noticed Qewkor's ghost (journeyman FoFi)
 15533 | Lair:1   | Entered Level 1 of the Lair of Beasts
 15650 | Lair:1   | Identified the ring "Rirhagops" {EV+5 Str+2}
 15843 | Lair:1   | Noticed an oklob plant
 15843 | Lair:1   | Noticed an oklob plant
 15844 | Lair:1   | Noticed an oklob plant
 16988 | Lair:2   | Learned a level 2 spell: Ensorcelled Hibernation
 17367 | Lair:2   | Reached skill level 19 in Ice Magic
 17512 | Lair:2   | Learned a level 4 spell: Iskenderun's Mystic Blast
 17515 | Lair:2   | Learned a level 2 spell: Blink
 17682 | Lair:2   | Reached skill level 1 in Hexes
 17685 | Lair:2   | Reached skill level 1 in Conjurations
 17685 | Lair:2   | Reached skill level 1 in Translocations
 17685 | Lair:2   | Reached XP level 12. HP: 48/59 MP: 0/28
 18163 | Lair:2   | Found a hole to the Spider Nest.
 18298 | Lair:2   | Mangled by a demonic crawler

Illustrated notes

Levels and vault maps discovered:
D:1:      onia_arrival_mini_spirals, layout_basic, serial_shops,
          nicolae_shop_tiny_glass
D:2:      layout_rooms, ebering_ecumenical_altar_rust
D:3:      layout_loops_corners, minmay_misc_feat_encased,
          kennysheep_generic_room_13
D:4:      layout_rooms, mainiacjoe_overflow_alcove_4,
          mainiacjoe_overflow_chevrons, trog_butcher_becter,
          nicolae_overflow_hidden_temple, minmay_misc_feat_secret_circle,
          roderic_lattice_a, chequers_serial_rivers_micro_d
D:5:      layout_loops_cross, nicolae_overflow_crystal_walls,
          minmay_overflow_temple_star_quad, dreamdust_princess_corridor,
          uniq_eustachio, uniq_grinder
D:6:      layout_basic, minmay_temple_entry_stoned_glass, grunt_decor_cap
D:7:      layout_basic, mainiacjoe_overflow_catwalk,
          lightli_bailey_entry_fortress, uniq_prince_ribbit1, uniq_duvessa
D:8:      layout_cave_pods, serial_shops, shop, nicolae_eternal_life,
          uniq_maggie
D:9:      layout_grid_maze
D:10:     layout_loops_corners
D:11:     layout_long_grid, erik_lair_dragon
D:12:     layout_rooms, orc_0_dummy, gammafunk_ghost_cemetery,
          nicolae_sif_muna_condensation
Temple:   cyrus_circular_temple
Lair:1:   layout_roguey, disabler_island, infiniplex_staircase_pool_2
Lair:2:   layout_cave_pods, nicolae_spider_entry_non_spiders,
          beast_lair_carwin_1
Lair:3:   layout_long_grid, minmay_shoals_entry_hut

Skill      XL: |  1  2  3  4  5  6  7  8  9 10 11 12 |
---------------+-------------------------------------+-----
Spellcasting   | 4 5 8 10 | 10.0
Ice Magic      | 5 6 7 9 11 14 16 19 | 19.0
Summonings     | 1 3 5 |  5.0
Hexes          | 1 3 |  3.8
Conjurations   | 1 3 |  3.1
Translocations | 1 3 |  3.2
Dodging        | |  2.4
Stealth        | |  2.4

Action                     |  1- 3 |  4- 6 |  7- 9 | 10-12 || total
---------------------------+-------+-------+-------+-------++-------
  Melee: Unarmed           |     5 |    31 |    27 |       ||    63
         Quarterstaff      |       |       |    44 |       ||    44
         Rapier            |       |       |    12 |       ||    12
         Dagger            |       |       |       |   178 ||   178
         Punch             |       |       |       |     4 ||     4
  Throw: Boomerang         |       |    19 |     1 |       ||    20
         Dart              |       |     8 |       |       ||     8
   Cast: Freeze            |    44 |     8 |       |     7 ||    59
         Frozen Ramparts   |    11 |    44 |    46 |    66 ||   167
         Ozocubu's Armour  |     4 |    33 |    35 |    53 ||   125
         Summon Ice Beast  |       |     1 |    33 |    59 ||    93
         Ensorcelled Hiber |       |       |       |    13 ||    13
    Use: Scroll            |       |    14 |     4 |    13 ||    31
         Potion            |       |     3 |       |     7 ||    10
   Stab: Distracted        |       |       |     1 |       ||     1
         Sleeping          |       |       |       |     1 ||     1
 Armour: Robe              |    10 |    18 |    57 |       ||    85
         Acid dragon scale |       |       |       |   165 ||   165
  Dodge: Dodged            |    22 |    27 |    63 |   167 ||   279
